 Dungeon Crawl Stone Soup version 0.30-a0-782-ge64f9170bb (console) character file.

Game seed: 10629769087377450594

7067 Banquo the Cleaver (level 11, -7/59 HPs)
             Began as a Gargoyle Fighter on Feb 21, 2023.
             Was an Elder of Hepliaklqana.
             Mangled by a death yak (9 damage)
             ... on level 9 of the Dungeon.
             The game lasted 00:29:30 (9278 turns).

Banquo the Cleaver (Gargoyle Fighter)               Turns: 9278, Time: 00:29:30

Health: -7/59      AC: 24    Str: 21    XL:     11   Next: 9%
Magic:  11/11      EV:  7    Int: 10    God:    Hepliaklqana [****..]
Gold:   539        SH:  6    Dex: 17    Spells: 10/10 levels left

rFire   . . .      SeeInvis +    a - +1 war axe
rCold   . . .      Faith    .    i - +0 buckler
rNeg    + . .      Spirit   .    G - +0 plate armour
rPois   ∞          Reflect  .    h - +0 helmet
rElec   +          Harm     .    e - +0 cloak
rCorr   +          Rampage  .    (no gloves)
Will    .....                    f - +0 pair of boots Stlth
                                 (no amulet)
HPRegen 0.29/turn                m - +6 ring of dexterity
MPRegen 0.12/turn                J - ring of Arijigg {Will- rCorr Slay+5 SInv}

@: hasted, very quick
A: reduced essence, sickness immunity, AC +8, negative energy resistance 1,
electricity resistance, torment resistance 1, petrification resistance
a: Renounce Religion, Recall Ancestor, Ancestor Identity, Transference, Idealise


You were on level 9 of the Dungeon.
You worshipped Hepliaklqana.
Hepliaklqana was greatly pleased with you.
You visited 2 branches of the dungeon, and saw 10 of its levels.
You also visited: Ossuary.

You collected 539 gold pieces.

Inventory:

Hand Weapons
 a - a +1 war axe (weapon)
 t - a +3 whip of flaming
 B - a +2 vampiric falchion
 F - a +1 spear of venom
 I - a +4 scimitar
 L - a +2 whip of electrocution
 R - a +0 scimitar of flaming
Missiles
 c - 8 boomerangs (quivered)
 k - 31 poisoned darts
 v - 2 javelins
 C - a throwing net
 P - 6 atropa-tipped darts
 S - 2 curare-tipped darts
Armour
 d - a +0 ring mail of willpower
 e - a +0 cloak (worn)
 f - a +0 pair of boots (worn)
 h - a +0 helmet (worn)
 i - a +0 buckler (worn)
 s - a scarf of invisibility
 x - the +1 leather armour of Picvit {Rampage Int+4}
   (You found it on level 3 of the Dungeon)

   Int:       It affects your intelligence (+4).
   Rampage:   It bestows one free step when moving towards enemies.
 G - a +0 plate armour (worn)
 T - +0 swamp dragon scales
Jewellery
 l - a ring of resist corrosion
 m - a +6 ring of dexterity (left hand)
 J - the ring of Arijigg (right hand) {Will- rCorr Slay+5 SInv}
   (You acquired it on level 4 of the Dungeon)

   [ring of see invisible]

   Slay:      It affects your accuracy & damage with ranged weapons and melee
   (+5).
   SInv:      It lets you see invisible.
   rCorr:     It protects you from acid and corrosion.
   Will:      It decreases your willpower.
Wands
 g - a wand of roots (13)
 y - a wand of mindburst (7)
 E - a wand of acid (9)
Scrolls
 b - a scroll of amnesia {unknown}
 n - 3 scrolls of teleportation {unknown}
 r - a scroll of brand weapon {unknown}
 H - a scroll of noise
 M - 3 scrolls of magic mapping
 N - 2 scrolls of fog
Potions
 j - 5 potions of curing
 o - a potion of brilliance
 p - 3 potions of flight
 q - 3 potions of heal wounds
 u - 3 potions of might
 w - 2 potions of haste
 z - 2 potions of cancellation
 K - 2 potions of mutation {unknown}
 O - 2 potions of attraction {unknown}
 Q - a potion of degeneration {unknown}
 U - 2 potions of lignification {unknown}


   Skills:
 * Level 6.8 Fighting
 * Level 12.8 Axes
 * Level 6.3 Armour
 * Level 3.1 Dodging
 * Level 5.3 Shields
 * Level 1.0 Invocations


You had 10 spell levels left.
You didn't know any spells.
Your spell library contained the following spells:

 Spells                   Type           Power      Damage    Failure   Level
 Freeze                   Ice            0%         1d3       100%        1
 Kiss of Death            Conj/Necr      0%         2d5       100%        1
 Magic Dart               Conj           0%         1d3       100%        1
 Blink                    Tloc           0%         N/A       100%        2
 Call Imp                 Summ           0%         N/A       100%        2
 Ensorcelled Hibernation  Hex/Ice        0%         N/A       100%        2
 Lesser Beckoning         Tloc           0%         N/A       100%        2
 Momentum Strike          Conj/Tloc      0%         3d8       100%        2
 Confusing Touch          Hex            0%         N/A       100%        3
 Frozen Ramparts          Ice            0%         1d1       100%        3
 Hailstorm                Conj/Ice       0%         3d3       100%        3
 Kindle Blastsparks       Fire/Tloc/Air  0%         2d10      100%        3
 Mephitic Cloud           Conj/Pois/Air  0%         N/A       100%        3
 Ozocubu's Armour         Ice            0%         N/A       100%        3
 Spider Form              Tmut/Pois      0%         N/A       100%        3
 Anguish                  Hex/Necr       0%         N/A       100%        4
 Dispel Undead            Necr           0%         3d6       100%        4
 Fulminant Prism          Conj/Hex       0%         3d5       100%        4
 Iskenderun's Mystic Bla  Conj/Tloc      0%         2d3       100%        4
 Lee's Rapid Deconstruct  Erth           0%         3d4*      100%        5
 Ozocubu's Refrigeration  Ice            0%         4d7       100%        7


Dungeon Overview and Level Annotations

Branches:
Dungeon (9/15)             Temple (1/1) D:7             Orc (0/2) D:9
Ossuary (visited)
   Lair: D:8-11

Altars:
Ashenzari
Cheibriados
Dithmenos
Elyvilon
Fedhas
Gozag
Hepliaklqana
Kikubaaqudgha
Nemelex Xobeh
Okawaru
Qazlal
Ru
Sif Muna
Trog
Uskayaw
Vehumet
Wu Jian
Xom
Yredelemnul
Zin
The Shining One

Shops:
D:1 !(   D:6 =   D:8 ?

Annotations:
D:4 2 transporters, duelista700's ghost, amateur SpEn


Innate Abilities, Weirdness & Mutations

Your life essence is reduced to manifest your ancestor. (-10% HP)
You are immune to sickness and miasma.
Your stone body is resilient. (AC +8)
You are immune to poison.
You resist negative energy. (rN+)
You are resistant to electric shocks. (rElec)
You are resistant to unholy torment.
You are immune to petrification.


Message History

Your Invocations skill increases to level 1!
You barely miss the death yak.
Milos hits the death yak but does no damage.
The death yak barely misses you.
You barely miss the death yak.
Milos hits the death yak with a +0 dagger of draining.
Milos drains the death yak.
Milos gestures at the death yak while chanting.
The death yak resists with almost no effort.
The death yak gores Milos!!
The death yak gores you!
You hit the death yak.
The death yak is lightly wounded.
Milos hits the death yak with a +0 dagger of draining.
Milos drains the death yak.
The death yak gores Milos.
The death yak gores you.
You slash the death yak!
The death yak is moderately wounded.
You hit the yak.
Milos hits the death yak with a +0 dagger of draining.
Milos drains the death yak.
Milos hits the death yak but does no damage.
Milos drains the death yak.
You hit the death yak.
The death yak is moderately wounded.
You slash the yak!
The death yak gores Milos.
The yak gores you but does no damage.
The death yak gores Milos!!
Milos is destroyed!
The death yak attacks as you move away! The death yak gores you!
The death yak attacks as you move away! You block the death yak's attack.
The death yak attacks as you move away! The death yak gores you.
The death yak attacks as you move away! The death yak barely misses you.
The death yak snorts and paws the ground.
The death yak attacks as you move away! The death yak gores you!
* * * LOW HITPOINT WARNING * * *
The death yak attacks as you move away! You block the death yak's attack.
You feel yourself speed up.
The orc shouts!
The death yak gores you!
* * * LOW HITPOINT WARNING * * *
The death yak gores you!
You die...

Y....o......Y...............
Y...........................
...........................
..........#######'##......
#........#........#......
#........#........#......
####........#........#......
)......<....########'#......
...........@Y.Y.............
............YY..............
.........................###
.........................#.#
#########'####.........###.#
......o....#####.....#...#
...............#.....#...#
...............#######...#
.........................#


You could see 2 death yaks, 2 yaks and an orc.

Vanquished Creatures
  Maurice (D:8)
  Maggie (D:8)
  A wyvern (D:7)
  5 yaks (D:9)
  A steam dragon (D:8)
  A water moccasin (D:5)
  A black bear (D:6)
  3 orc warriors (D:9)
  3 wolves (D:8)
  2 centaurs
  An elf zombie (Ossuary)
  3 kobold brigands (D:8)
  4 scorpions
  2 wights (D:6)
  9 killer bees (D:8)
  A howler monkey (D:8)
  3 human zombies (Ossuary)
  2 hounds
  2 gnoll boudas
  A jelly (D:6)
  5 orc wizards
  4 mummies (Ossuary)
  8 adders
  8 gnolls (D:5)
  A white imp (D:6)
  An ufetubus (D:5)
  3 dart slugs
  5 orcs
  3 bats
  4 endoplasms
  A giant cockroach (D:2)
  4 goblins
  3 hobgoblins
  8 jackals
  4 quokkas
  6 ball pythons
  6 frilled lizards
  2 goblin zombies
  3 hobgoblin zombies (Ossuary)
  16 kobolds
  An orc zombie (Ossuary)
  2 rats (D:1)
  2 rat zombies (Ossuary)
147 creatures vanquished.

Vanquished Creatures (collateral kills)
  Erica (D:8)
  A death yak (D:9)
  A kobold demonologist (D:9)
  Grinder (D:5)
  2 yaks (D:9)
  Eustachio (D:5)
  Grum (D:8)
  A water moccasin (D:7)
  A wolf (D:8)
  A scorpion (D:5)
  A wight (D:6)
  2 killer bees (D:8)
  An electric eel (D:8)
  A jelly (D:5)
  2 orc priests (D:5)
  4 orc wizards
  6 gnolls
  An adder (D:6)
  12 orcs
  A jackal (D:5)
  A goblin zombie (Ossuary)
  3 kobolds (D:8)
46 creatures vanquished.

Vanquished Creatures (others)
  3 hexers (D:9)
  2 ancestors (D:5)
5 creatures vanquished.

Grand Total: 198 creatures vanquished

Notes
Turn   | Place    | Note
-------+----------+-------------------------------------------
     0 | D:1      | Banquo the Gargoyle Fighter began the quest for the Orb.
     0 | D:1      | Reached XP level 1. HP: 14/14 MP: 1/1
   198 | D:1      | Found Som Coqa's Distillery.
   202 | D:1      | Found Muynip's Antique Weapon Shop.
   215 | D:1      | Reached XP level 2. HP: 18/19 MP: 2/2
   487 | D:1      | Reached skill level 2 in Axes
   894 | D:2      | Reached XP level 3. HP: 23/24 MP: 3/3
  1313 | D:2      | Reached XP level 4. HP: 26/29 MP: 4/4
  1708 | D:3      | Reached skill level 3 in Axes
  2004 | D:3      | Found a hazy altar of Hepliaklqana.
  2008 | D:3      | Became a worshipper of Hepliaklqana the Forgotten
  2212 | D:3      | Identified the +1 leather armour of Picvit {Rampage Int+4}
  2512 | D:4      | Identified a scroll of acquirement
  2563 | D:3      | Acquired the ring of Arijigg {Will- rCorr Slay+5 SInv}
  2579 | D:4      | Found a transporter.
  2580 | D:4      | Noticed duelista700's ghost (amateur SpEn)
  2647 | D:4      | Found a transporter.
  2648 | D:4      | Found the Hermit's Pendant {Faith Invo=14 Evo=0 MP+5}
  2679 | D:4      | Noticed a phantom
  2728 | D:4      | Reached XP level 5. HP: 33/33 MP: 5/5
  2806 | D:4      | Reached skill level 4 in Axes
  3051 | D:5      | Entered Level 5 of the Dungeon
  3060 | D:5      | Reached XP level 6. HP: 38/38 MP: 6/6
  3100 | D:5      | Noticed a water moccasin
  3114 | D:5      | Killed a water moccasin
  3237 | D:5      | Reached * piety under Hepliaklqana
  3250 | D:5      | Noticed Eustachio
  3403 | D:5      | Reached skill level 5 in Axes
  3403 | D:5      | Reached skill level 1 in Dodging
  3557 | D:5      | Reached XP level 7. HP: 29/38 MP: 7/7
  3639 | D:5      | Killed Eustachio
  3640 | D:5      | Reached skill level 6 in Axes
  4235 | D:5      | Reached XP level 8. HP: 40/43 MP: 8/8
  4525 | D:5      | Noticed Grinder
  4556 | D:5      | Killed Grinder
  4557 | D:5      | Reached skill level 7 in Axes
  4915 | D:6      | Reached skill level 5 in Armour
  5316 | D:6      | Reached ** piety under Hepliaklqana
  5319 | D:6      | Remembered your ancestor Milos as a hexer
  5360 | D:6      | Reached skill level 8 in Axes
  5373 | D:6      | Reached skill level 5 in Fighting
  5460 | D:6      | Found Zygim's Jewellery Boutique.
  6572 | D:7      | Reached XP level 9. HP: 38/48 MP: 9/9
  6779 | D:7      | Reached *** piety under Hepliaklqana
  6783 | D:7      | Reached skill level 9 in Axes
  6983 | D:7      | Found a staircase to the Ecumenical Temple.
  6999 | Temple   | Entered the Ecumenical Temple
  7379 | D:8      | Found a sand-covered staircase.
  7387 | Ossuary  | Entered an ossuary
  7683 | D:8      | Noticed Maurice
  7702 | D:8      | Killed Maurice
  7703 | D:8      | Reached skill level 10 in Axes
  7736 | D:8      | Noticed Grum
  7740 | D:8      | Killed Grum
  7746 | D:8      | Reached XP level 10. HP: 53/54 MP: 10/10
  7774 | D:8      | Noticed Erica
  7781 | D:8      | Killed Erica
  7782 | D:8      | Reached skill level 11 in Axes
  8169 | D:8      | Noticed Maggie
  8180 | D:8      | Killed Maggie
  8181 | D:8      | Reached skill level 5 in Shields
  8306 | D:8      | Found Qiytwowu's Magic Scroll Boutique.
  8375 | D:8      | Found an opulent altar of Gozag.
  8375 | D:8      | Reached **** piety under Hepliaklqana
  8376 | D:8      | Found a bloodstained altar of Trog.
  8376 | D:8      | Found a blossoming altar of Fedhas.
  8376 | D:8      | Found a white marble altar of Elyvilon.
  8395 | D:8      | Found a shimmering blue altar of Sif Muna.
  8397 | D:8      | Found an iron altar of Okawaru.
  8668 | D:9      | Noticed a death yak
  8848 | D:9      | Found a staircase to the Orcish Mines.
  8900 | D:9      | Reached skill level 12 in Axes
  9050 | D:9      | Noticed a kobold demonologist
  9059 | D:9      | Killed a kobold demonologist
  9064 | D:9      | Noticed a death yak
  9085 | D:9      | Killed a death yak
  9085 | D:9      | Noticed a death yak
  9086 | D:9      | Reached XP level 11. HP: 51/59 MP: 11/11
  9263 | D:9      | Reached skill level 1 in Invocations
  9276 | D:9      | HP: 1/59 [death yak (13)]
  9278 | D:9      | Mangled by a death yak

Illustrated notes

Levels and vault maps discovered:
D:1:      erik_arrival_triangle_large, layout_loops_ring, serial_shops, shop,
          nicolae_shop_trees, minmay_statues_item
D:2:      layout_loops_corners, st_stairs_8, minmay_misc_feat_nine_boxes
D:3:      minmay_spotlight, layout_loops_ring, nzn_hepliaklqana_mist_gate,
          serial_glass, glass_columns_b, glass_columns_b, glass_columns_b,
          glass_columns_a, glass_columns_a, glass_columns_a,
          minmay_misc_feat_roman, chequers_serial_rivers_room_a
D:4:      layout_rooms, gammafunk_ghost_mausoleum, nicolae_zen_rock_garden
D:5:      layout_basic, uniq_eustachio, uniq_grinder
D:6:      layout_layer_cave, serial_shops, nicolae_shop_advertising_works
          [nicolae_subvault_shop_adworks]
D:7:      nicolae_BIG_FREAKIN_CUBE, layout_basic, minmay_temple_entry_offerings,
          minmay_a_box_with_orc_wizards_in_it
D:8:      layout_loops_ring, minmay_overflow_temple_hex, serial_shops,
          nicolae_shop_statue_plus, enter_ossuary_3, kennysheep_small_spiral,
          uniq_maggie, uniq_grum, uniq_maurice, uniq_erica
D:9:      layout_irregular_city, mainiacjoe_overflow_alcove_1,
          dpeg_lair_monsters, orc_0_dummy
Temple:   compressed_dpeg_circular_temple

Skill      XL: |  1  2  3  4  5  6  7  8  9 10 11 |
---------------+----------------------------------+-----
Axes           | 2 3 4 5 6 8 10 12 | 12.8
Armour         | 4 5 6 |  6.3
Fighting       | 4 5 6 |  6.8
Dodging        | 1 2 3 |  3.1
Shields        | 4 5 |  5.3
Invocations    | 1 |  1.0

Action                     |  1- 3 |  4- 6 |  7- 9 | 10-12 || total
---------------------------+-------+-------+-------+-------++-------
  Melee: War axe           |    79 |   100 |   158 |   134 ||   471
 Invoke: Recall Ancestor   |       |     1 |       |     1 ||     2
         Ancestor Life: He |       |       |     1 |       ||     1
    Use: Scroll            |       |     9 |     5 |     1 ||    15
         Potion            |       |       |       |     1 ||     1
   Stab: Confused          |       |       |     7 |     4 ||    11
         Distracted        |       |       |     1 |     1 ||     2
 Armour: Scale mail        |    50 |    27 |       |       ||    77
         Ring mail         |       |    18 |    58 |    41 ||   117
         Plate armour      |       |       |       |     1 ||     1
  Dodge: Dodged            |    37 |    57 |    69 |    64 ||   227
  Block: Buckler           |    12 |    30 |    35 |    30 ||   107

Table legend: (Time is in decaauts)
 A = Elapsed time spent in this place.
 B = Non-inter-level travel time spent in this place.
 C = Inter-level travel time spent in this place.
 D = Time resting spent in this place.
 E = Time spent auto-exploring this place.
 F = Levels seen in this place.
 G = Mean time per level.
                   A        B        C        D        E       F      G
               +--------+--------+--------+--------+--------+-----+--------+
         Total |   9365 |   8419 |    946 |    481 |   5948 |  11 |  851.4 |
       Dungeon |   9051 |   8142 |    909 |    475 |   5863 |   9 | 1005.7 |
        Temple |    129 |     92 |     37 |      0 |     80 |   1 |  129.0 |
       Ossuary |    183 |    183 |      0 |      6 |      5 |   1 |  183.0 |
               +--------+--------+--------+--------+--------+-----+--------+

Top non-repeatable levels by time:
     D:5: 1703 daAuts
     D:6: 1493 daAuts
     D:8: 1171 daAuts
     D:7: 1044 daAuts
     D:2: 987 daAuts
     D:1: 835 daAuts
     D:3: 788 daAuts
     D:4: 541 daAuts
     D:9: 486 daAuts
 Ossuary: 183 daAuts
  Temple: 129 daAuts
